 Dungeon Crawl Stone Soup version 0.20.1-1-g8b1a95d (webtiles) character file.

96 Kingsmith the Shield-Bearer (level 4, -1/28 HPs)
             Began as a Gargoyle Fighter on Dec 11, 2017.
             Slain by Sigmund
             ... wielding a +0 scythe
              (8 damage)
             ... on level 3 of the Dungeon.
             The game lasted 00:02:05 (1727 turns).

Kingsmith the Shield-Bearer (Gargoyle Fighter)      Turns: 1727, Time: 00:02:05

Health: -1/28      AC: 11    Str: 21    XL:     4   Next: 67%
Magic:  4/4        EV:  9    Int:  8    God:
Gold:   147        SH:  0    Dex:  9    Spells: 3/3 levels left

rFire    . . .     SeeInvis .   u - +0 dagger (drain)
rCold    . . .     Gourm    .   (no shield)
rNeg     + . .     Faith    .   a - +0 scale mail
rPois    ∞         Spirit   .   (no helmet)
rElec    +         Reflect  .   c - +0 cloak
rCorr    .         Harm     .   (no gloves)
MR       .....                  (no boots)
Stlth    ..........             (no amulet)
Regen    0.1/turn               (no ring)
MPRegen  0.1/turn               (no ring)

@: no status effects
A: negative energy resistance 1, electricity resistance, unbreathing,
petrification resistance, rot immunity, AC +3
a: no special abilities


You were on level 3 of the Dungeon.
You were not hungry.

You visited 1 branch of the dungeon, and saw 3 of its levels.

You collected 147 gold pieces.

Inventory:

Hand Weapons
 u - a +0 dagger of draining (weapon)
Armour
 a - a +0 scale mail (worn)
 b - a +0 shield
 c - a +0 cloak (worn)
 g - a +0 large shield
Scrolls
 e - a scroll of remove curse {unknown}
 i - a scroll of immolation {unknown}
 k - a scroll of magic mapping {unknown}
 m - a scroll of blinking {unknown}
 n - a scroll of teleportation {unknown}
 o - a scroll of enchant weapon {unknown}
 s - 2 scrolls of identify {unknown}
 t - a scroll of amnesia {unknown}
Potions
 f - a potion of curing {unknown}
 j - 2 potions of degeneration {unknown}
 p - a potion of agility {unknown}
Comestibles
 d - 2 bread rations
 h - a royal jelly
 l - 3 fruits
 r - 2 meat rations


   Skills:
 - Level 3.2 Fighting
 - Level 3.2 Armour
 + Level 5.7 Shields
 - Level 2.0 Unarmed Combat


You had 3 spell levels left.
You didn't know any spells.

Dungeon Overview and Level Annotations

Branches:
Dungeon (3/15)

Altars:

Annotations:
D:3 Sigmund


Innate Abilities, Weirdness & Mutations

You are resistant to torment.
Your stone body is resilient. (AC +3)
You are immune to poison.
You resist negative energy. (rN+)
You are resistant to electric shocks. (rElec)
You can survive without breathing.
You are immune to petrification.
You are immune to rotting.


Message History

Something tries to affect you, but you resist.
You hit something but do no damage. The leopard gecko closely misses you.
Something hits you but does no damage.
You hit the leopard gecko. You drain the leopard gecko!
The leopard gecko is severely wounded.
The leopard gecko bites you.
You hit the leopard gecko.
You kill the leopard gecko!
Something hits you.
* * * LOW HITPOINT WARNING * * *
Something hits you but does no damage.
You see here a leopard gecko corpse.
Something hits you.
* * * LOW HITPOINT WARNING * * *
You see here a leopard gecko corpse.
You hit something. Something hits you but does no damage.
You closely miss something. You hit something but do no damage.
Something hits you but does no damage.
You closely miss something. Something hits you!
You die...

#......# #.#.##...#.#
#....#. #......#
#.#.##...#.######.##.
#......#
#.#.##...#.#....)....
#.#........#.#....###
#.#.....#### #.......
#.#........# #.....##
#.......#.## #.....##
###......... #.....##
#{@...#.# #.....##
#.....# ......##
#...!.# #......##
........# ......
.......##.# .....#
.......# .# .....#
.......' .. ......
.......# #. ....##
....#.# .. ... ..


There were no monsters in sight!

Vanquished Creatures
  2 adders (D:2)
  3 gnolls (D:2)
  A worm (D:2)
  A dart slug (D:3)
  2 leopard geckos
  2 giant cockroaches
  3 hobgoblins
  2 jackals (D:2)
  2 ball pythons
  4 frilled lizards
  9 goblins
  5 kobolds
  9 rats
45 creatures vanquished.

Notes
Turn   | Place    | Note
-------+----------+-------------------------------------------
     0 | D:1      | Kingsmith the Gargoyle Fighter began the quest for the Orb.
     0 | D:1      | Reached XP level 1. HP: 14/14 MP: 1/1
   207 | D:1      | Reached XP level 2. HP: 19/19 MP: 2/2
   309 | D:1      | Reached skill level 4 in Shields
   473 | D:2      | Reached XP level 3. HP: 14/23 MP: 3/3
   500 | D:2      | Reached skill level 5 in Shields
   502 | D:2      | Reached XP level 4. HP: 5/28 MP: 4/4
  1705 | D:3      | Noticed Sigmund
  1727 | D:3      | Slain by Sigmund

Skill      XL: |  1  2  3 |
---------------+----------+-----
Shields        | 4 5 |  5.7
Fighting       | |  3.2
Armour         | |  3.2
Unarmed Combat | |  2.0

Action                   |  1- 3 |  4- 6 || total
-------------------------+-------+-------++-------
Melee: Unarmed           |    97 |       ||    97
       Punch             |     1 |     1 ||     2
       Spear             |       |    82 ||    82
       Dagger            |       |    28 ||    28
  Use: Potion            |     1 |       ||     1
  Eat: Chunk             |       |     3 ||     3
Armor: Scale mail        |    60 |    47 ||   107
Dodge: Dodged            |    50 |    41 ||    91
